 Dungeon Crawl Stone Soup version 0.23-a0-241-g3b46b07 (webtiles) character file.

7525 Ijustatesigmund the Cleaver (level 11, -14/120 HPs)
             Began as an Octopode Berserker on Sept 27, 2018.
             Was a High Priest of Trog.
             Demolished by an orc knight
             ... wielding a +2 war axe of freezing
              (22 damage)
             ... on level 11 of the Dungeon.
             The game lasted 00:26:08 (13048 turns).

Ijustatesigmund the Cleaver (Octopode Berserker)   Turns: 13048, Time: 00:26:09

Health: -14/120    AC:  3    Str: 21    XL:     11   Next: 16%
Magic:  11/11      EV: 17    Int:  9    God:    Trog [*****.]
Gold:   436        SH:  5    Dex: 16    Spells: 10/10 levels left

rFire    . . .     SeeInvis .   a - +0 war axe
rCold    . . .     Gourm    .   y - +0 buckler
rNeg     . . .     Faith    .   (helmet restricted)
rPois    .         Spirit   .   (no amulet)
rElec    .         Reflect  .   g - ring of flight
rCorr    .         Harm     .   n - ring of stealth
MR       ++...                  (no ring)
Stlth    ..........             (no ring)
HPRegen  0.30/turn              (no ring)
MPRegen  0.12/turn              (no ring)
                                (no ring)
                                (no ring)

@: berserking (expiring), very quick
A: almost no armour, stealthy swim, amphibious, 8 rings, constrict 8, thin
metallic scales 1, camouflage 1, magic resistance 2, gelatinous body 1
a: Berserk, Trog's Hand, Brothers in Arms, Renounce Religion, Evoke Flight


You were on level 11 of the Dungeon.
You worshipped Trog.
Trog was extremely pleased with you.
You were very hungry.

You visited 1 branch of the dungeon, and saw 11 of its levels.
You also visited: Ossuary.

You collected 633 gold pieces.
You spent 197 gold pieces at shops.

Inventory:

Hand Weapons
 a - a +0 war axe (weapon)
 z - a +0 flail
Missiles
 A - a throwing net (quivered)
Armour
 y - a +0 buckler (worn)
Jewellery
 g - a ring of flight (left tentacle)
 n - a ring of stealth (right tentacle)
 C - an uncursed ring of fire {unknown}
Wands
 d - a wand of disintegration (24)
 x - a wand of iceblast (9)
Scrolls
 e - 3 scrolls of remove curse
 o - 4 scrolls of teleportation
 r - a scroll of immolation
 u - 3 scrolls of enchant weapon
 v - 2 scrolls of enchant armour
 w - 6 scrolls of identify
 B - a scroll of fog
Potions
 c - a potion of heal wounds
 f - a potion of berserk rage
 h - 5 potions of lignification
 i - 2 potions of ambrosia
 j - a potion of mutation
 k - 6 potions of curing
 l - 2 potions of brilliance
 m - a potion of flight
 p - 2 potions of agility
 q - a potion of invisibility
 t - 3 potions of might
Comestibles
 b - 6 rations


   Skills:
 + Level 9.6 Fighting
 + Level 10.9 Axes
 - Level 5.0 Throwing
 - Level 5.8 Dodging
 - Level 5.0 Stealth
 - Level 5.1 Shields


You had 10 spell levels left.
You didn't know any spells.
Your spell library was empty.

Dungeon Overview and Level Annotations

Branches:
Dungeon (11/15)            Temple (0/1) D:5            Lair (0/6) D:8
    Orc: D:9-12

Altars:
Cheibriados
Dithmenos
Kikubaaqudgha
Nemelex Xobeh
Ru
Uskayaw
Wu Jian
Xom
Yredelemnul
Zin

Shops:
D:4 *   D:10 ?


Innate Abilities, Weirdness & Mutations

You cannot wear most types of armour.
You are very stealthy in the water. (Stealth+)
You are amphibious.
You can wear up to eight rings at the same time.
You can use your tentacles to constrict eight enemies at once.
Your skin changes colour to match your surroundings (Stealth+).
Your rubbery body absorbs attacks. (AC +1, EV +1)
You are partially covered in thin metallic scales. (AC +2)
You are highly resistant to hostile enchantments. (MR++)


Message History

The shadow imp hits you.
* * * LOW HITPOINT WARNING * * *
You hit the orc knight.
The orc knight is severely wounded.
You slash the shadow imp! You constrict the orc knight.
The orc knight hits you with an uncursed war axe of freezing!
* * * LOW HITPOINT WARNING * * *
The orc knight freezes you.
* * * LOW HITPOINT WARNING * * *
You hit the orc knight but do no damage.
The orc knight is severely wounded.
You slash the shadow imp!
You kill the shadow imp!
Trog accepts your kill.
You constrict the orc knight. You slash the orc knight!
The orc knight is almost dead.
You constrict the orc knight, but do no damage.
The orc knight hits you with an uncursed war axe of freezing!!
You die...

#....'.. #....#. .#
#....' .# #....# .##
#....# ..# #....# .)##
######.o..##### ...##
.....#.@....... ....###
.....'.........
......####....#.(.......
.........######.(.......
...............(........
...............(........
#...............(.......
#............%..........
#.................######


You could see an orc knight.

Vanquished Creatures
  A centaur warrior (D:11)
  A two-headed ogre (D:10)
  A skeletal warrior (D:11)
  A kobold demonologist (D:11)
  A queen bee (D:11)
  2 hippogriffs
  A shadow (D:11)
  6 yaks (D:11)
  3 orc warriors
  A sky beast (D:5)
  An ice beast (D:9)
  2 phantoms
  A necrophage (D:5)
  3 ogres
  4 centaurs
  A big kobold (D:8)
  4 bullfrogs
  4 water moccasin zombies (Ossuary)
  2 scorpions
  14 killer bees (D:8)
  2 vampire bats (D:5)
  3 crimson imps
  A centaur zombie (D:9)
  A quasit (D:5)
  4 orc priests
  2 jellies
  3 bullfrog skeletons
  2 hounds
  4 orc wizards
  A centaur skeleton (D:6)
  6 iguanas
  4 worker ants
  A big kobold zombie (Ossuary)
  A hound skeleton (D:6)
  2 mummies (Ossuary)
  2 worker ant zombies
  4 gnolls (D:4)
  3 adders
  3 shadow imps
  8 adder zombies (Ossuary)
  2 worms
  An adder skeleton (D:5)
  4 dart slugs
  2 leopard geckos
  27 orcs
  11 bats
  2 giant cockroaches
  5 gnoll zombies (Ossuary)
  3 goblins (D:1)
  4 hobgoblins
  5 jackals
  9 kobolds
  A quokka (D:4)
  4 frilled lizards
  6 hobgoblin zombies (Ossuary)
  9 kobold zombies (Ossuary)
  6 orc zombies (Ossuary)
  3 rats
  A spectral orc (D:3)
216 creatures vanquished.

Vanquished Creatures (others)
  An adder (D:5)
1 creature vanquished.

Grand Total: 217 creatures vanquished

Notes
Turn   | Place    | Note
-------+----------+-------------------------------------------
     0 | D:1      | Ijustatesigmund the Octopode Berserker began the quest for
                  | the Orb.
     0 | D:1      | Reached XP level 1. HP: 16/16 MP: 1/1
    35 | D:1      | Reached XP level 2. HP: 16/21 MP: 2/2
   469 | D:1      | Gained mutation: You are partially covered in thin metallic
                  | scales. (AC +2) [potion of mutation]
   469 | D:1      | Gained mutation: One of your tentacles bears a spike.
                  | [potion of mutation]
   507 | D:1      | Reached skill level 4 in Axes
   680 | D:2      | Reached XP level 3. HP: 26/26 MP: 3/3
  1169 | D:3      | Reached ** piety under Trog
  1317 | D:3      | You fall through a shaft for 3 floors!
  1353 | D:5      | Entered Level 5 of the Dungeon
  1359 | D:5      | Reached XP level 4. HP: 31/31 MP: 4/4
  1361 | D:5      | Reached skill level 5 in Axes
  1453 | D:5      | Noticed a centaur
  1456 | D:5      | Noticed a centaur
  1464 | D:5      | Killed a centaur
  1464 | D:5      | Reached skill level 6 in Axes
  1464 | D:5      | Reached XP level 5. HP: 33/36 MP: 5/5
  1596 | D:5      | Reached skill level 1 in Stealth
  1715 | D:5      | Reached XP level 6. HP: 36/42 MP: 6/6
  1727 | D:5      | Noticed a sky beast
  1742 | D:5      | Killed a sky beast
  1742 | D:5      | Reached XP level 7. HP: 9/47 MP: 7/7
  2018 | D:5      | Found a staircase to the Ecumenical Temple.
  2088 | D:4      | Reached skill level 7 in Axes
  2254 | D:4      | Found Kaimpyul's General Store.
  2262 | D:4      | Bought a scroll of identify for 22 gold pieces
  2500 | D:3      | Found a basalt altar of Yredelemnul.
  2813 | D:4      | Reached skill level 5 in Stealth
  3509 | D:5      | Reached *** piety under Trog
  3509 | D:5      | Reached skill level 5 in Fighting
  3509 | D:5      | Reached XP level 8. HP: 44/55 MP: 8/8
  3672 | D:5      | Found an ancient bone altar of Kikubaaqudgha.
  3739 | D:5      | Found a shimmering altar of Xom.
  3740 | D:5      | Found a shadowy altar of Dithmenos.
  3740 | D:5      | Found a snail-covered altar of Cheibriados.
  3741 | D:5      | Found a sparkling altar of Nemelex Xobeh.
  4270 | D:6      | Reached skill level 8 in Axes
  4609 | D:6      | Found an ornate altar of the Wu Jian Council.
  4789 | D:7      | Found a sand-covered staircase.
  4857 | Ossuary  | Entered an ossuary
  5626 | Ossuary  | Reached **** piety under Trog
  5894 | D:7      | Reached XP level 9. HP: 56/64 MP: 9/9
  5898 | D:7      | Reached skill level 9 in Axes
  6386 | D:7      | Found a glowing silver altar of Zin.
  6778 | D:8      | Found a hide-covered altar of Uskayaw.
  7265 | D:8      | Noticed a queen bee
  7546 | D:8      | Reached skill level 10 in Axes
  8592 | D:8      | Found a staircase to the Lair.
  8642 | D:8      | Reached XP level 10. HP: 73/73 MP: 10/10
  8912 | D:8      | Reached skill level 5 in Dodging
  9372 | D:9      | You fall through a shaft!
  9372 | D:10     | Entered Level 10 of the Dungeon
  9404 | D:10     | Reached ***** piety under Trog
  9417 | D:10     | Reached skill level 1 in Throwing
  9614 | D:10     | Found Urumojacev's Magic Scroll Shop.
  9622 | D:10     | Bought a scroll of identify for 26 gold pieces
  9622 | D:10     | Bought a scroll of enchant weapon for 97 gold pieces
  9622 | D:10     | Bought a scroll of identify for 26 gold pieces
  9622 | D:10     | Bought a scroll of fog for 26 gold pieces
  9652 | D:10     | Reached skill level 1 in Shields
 10028 | D:9      | Found a sacrificial altar of Ru.
 10504 | D:10     | Noticed a two-headed ogre
 10513 | D:10     | Killed a two-headed ogre
 12137 | D:11     | Reached skill level 5 in Throwing
 12222 | D:11     | Noticed a kobold demonologist
 12227 | D:11     | Noticed a centaur warrior
 12231 | D:11     | Gained mutation: Scrolls take you a little longer to read.
                  | [a neqoxec]
 12233 | D:11     | Killed a kobold demonologist
 12233 | D:11     | Reached skill level 5 in Shields
 12237 | D:11     | Killed a centaur warrior
 12237 | D:11     | Reached XP level 11. HP: 80/80 MP: 11/11
 12238 | D:11     | Noticed a green ugly thing
 12571 | D:11     | Lost mutation: One of your tentacles bears a spike. [potion
                  | of mutation]
 12571 | D:11     | Lost mutation: Scrolls take you a little longer to read.
                  | [potion of mutation]
 12571 | D:11     | Gained mutation: You are frail. (-10% HP) [potion of
                  | mutation]
 12571 | D:11     | Gained mutation: Your spells are a little harder to cast,
                  | but a little more powerful. [potion of mutation]
 12572 | D:11     | Lost mutation: You are frail. (-10% HP) [potion of
                  | mutation]
 12572 | D:11     | Lost mutation: Your spells are a little harder to cast, but
                  | a little more powerful. [potion of mutation]
 12572 | D:11     | Gained mutation: You are resistant to hostile enchantments.
                  | (MR+) [potion of mutation]
 12572 | D:11     | Gained mutation: You are highly resistant to hostile
                  | enchantments. (MR++) [potion of mutation]
 12640 | D:11     | Noticed a skeletal warrior
 12653 | D:11     | Killed a skeletal warrior
 13032 | D:11     | Noticed an orc knight
 13048 | D:11     | Demolished by an orc knight

Vault maps used:
D:1:      roderic_crop_circles_arrival_small
D:3:      yredelemnul_forgotten_temple_becter, first_ration
D:4:      serial_shops, nicolae_shop_temple_entry_statues_fountains,
          kennysheep_generic_room_7
D:5:      kiku_gazebo_garden_becter, chequers_temple_overflow_statue_of_worship,
          temple_fountains, roderic_batcave, lemuel_flame_loot_1
D:6:      lemuel_coloured_pillars_altar, kennysheep_generic_room_3
D:7:      lemuel_crystal_altar, nicolae_ossuary_entry_monument
D:8:      nicolae_overflow_hidden_temple, lair_entry_dummy, david_nohive_1,
          hex_tiny
D:9:      kennysheep_little_box
D:10:     serial_shops, shop
D:11:     minmay_sliced_demisemicircle, hangedman_tell_no_tales
Ossuary:  ossuary_tomb_2

Skill      XL: |  1  2  3  4  5  6  7  8  9 10 |
---------------+-------------------------------+-----
Axes           | 4 6 7 8 10 | 10.9
Stealth        | 1 3 5 |  5.0
Fighting       | 5 7 8 9 |  9.6
Dodging        | 4 5 |  5.8
Throwing       | 5 |  5.0
Shields        | 5 |  5.1

Action                   |  1- 3 |  4- 6 |  7- 9 | 10-12 || total
-------------------------+-------+-------+-------+-------++-------
Melee: Hand axe          |    56 |    24 |       |       ||    80
       Constrict         |    21 |     6 |    57 |    21 ||   105
       Tentacles         |    10 |     2 |    48 |    29 ||    89
       Kick              |    13 |     7 |    86 |    34 ||   140
       War axe           |       |       |   185 |    97 ||   282
       Battleaxe         |       |       |    63 |    13 ||    76
Invok: Berserk           |     2 |     3 |    13 |     6 ||    24
       Trog's Hand       |       |       |     1 |     2 ||     3
Evoke: Wand              |       |       |     3 |       ||     3
  Use: Scroll            |    12 |     1 |    10 |     6 ||    29
       Potion            |     1 |       |     2 |     5 ||     8
 Stab: Sleeping          |     4 |       |    21 |     8 ||    33
       Distracted        |       |       |     1 |     1 ||     2
  Eat: Chunk             |     2 |     4 |    11 |     6 ||    23
       Ration            |       |       |     7 |     4 ||    11
Armor: Skin              |    12 |     5 |    34 |    13 ||    64
Dodge: Dodged            |    52 |    24 |   193 |    72 ||   341
Block: Buckler           |       |       |       |    16 ||    16

Table legend:
 A = Non-vault XP
 B = Vault XP
 C = Vault XP percentage of total XP
 D = Non-vault monster count
 E = Vault monster count
 F = Vault count percentage of total count
                 A         B        C        D         E       F
            +---------+---------+-------+---------+---------+-------
      Total |    7055 |    3696 |  34.4 |     148 |      68 |  31.5
            +---------+---------+-------+---------+---------+-------
        D:1 |      29 |       0 |   0.0 |      14 |       0 |   0.0
        D:2 |      25 |       0 |   0.0 |       8 |       0 |   0.0
        D:3 |      28 |       1 |   3.4 |      13 |       1 |   7.1
        D:4 |     428 |       5 |   1.2 |      13 |       1 |   7.1
        D:5 |     812 |     118 |  12.7 |      20 |       7 |  25.9
        D:6 |     265 |       0 |   0.0 |       6 |       0 |   0.0
        D:7 |     769 |       0 |   0.0 |      14 |       0 |   0.0
        D:8 |     682 |     868 |  56.0 |      13 |      14 |  51.9
        D:9 |     639 |       0 |   0.0 |      16 |       0 |   0.0
       D:10 |    1262 |       0 |   0.0 |      13 |       0 |   0.0
       D:11 |    2116 |    2259 |  51.6 |      18 |       4 |  18.2
    Ossuary |       0 |     445 | 100.0 |       0 |      41 | 100.0
            +---------+---------+-------+---------+---------+-------
